[Event "Kupreichik Memorial Rapid 2019"]
[Site "Minsk"]
[Date "2019.08.17"]
[Round "9.15"]
[White "Kharin, Mikhail"]
[Black "Agapov, Sergey"]
[Result "0-1"]
[ECO "A45"]
[WhiteElo "2156"]
[BlackElo "2265"]
[Annotator "NA"]
[PlyCount "76"]
[EventDate "2019.08.15"]
[EventType "swiss"]
[EventCountry "BLR"]
[SourceTitle "playchess.com"]
[Source "ChessBase"]
[SourceQuality "1"]
[TimeControl "900+10"]

1. d4 Nf6 2. Nc3 d5 3. Bf4 c6 4. e3 Bf5 5. f3 e6 6. g4 Bg6 7. h4 h5 8. g5 Nfd7 9. Bd3 Bxd3 10. Qxd3 c5 11. Nge2 Nc6 12. e4 e5 13. Bxe5 Ndxe5 14. dxe5 d4 15. Nd5 Qd7 16. f4 O-O-O 17. Qh3 Qe6 18. O-O-O Kb8 19. c3 f5 20. c4 g6 21. Ng3 Na5 22. b3 Qa6 23. Kb1 Nxc4 24. bxc4 Qxc4 25. Qf1 Qa4 26. Qd3 Qc6 27. Ne3 fxe4 28. Nxe4 b5 29. Nc2 Qb7 30. Qe2 Be7 31. Nf6 d3 32. Qd2 dxc2+ 33. Qxc2 c4 34. Qxg6 Qf3 35. Rxd8+ Rxd8 36. Rc1 Ba3 37. Qe4 Rd1 38. Nd7+ Kc7 0-1

[Event "Kupreichik Memorial Rapid 2019"]
[Site "Minsk"]
[Date "2019.08.17"]
[Round "9.16"]
[White "Naumovich, Yaroslav"]
[Black "Kochetkov, German"]
[Result "0-1"]
[ECO "A04"]
[WhiteElo "1868"]
[BlackElo "2277"]
[Annotator "NA"]
[PlyCount "94"]
[EventDate "2019.08.15"]
[EventType "swiss"]
[EventCountry "BLR"]
[SourceTitle "playchess.com"]
[Source "ChessBase"]
[SourceQuality "1"]
[TimeControl "900+10"]

1. Nf3 f5 2. d3 Nf6 3. e4 d6 4. exf5 Bxf5 5. d4 Nc6 6. Bd3 Qd7 7. Nc3 Nb4 8. O-O Nxd3 9. cxd3 O-O-O 10. Bf4 h6 11. Rc1 g5 12. Bg3 Bg4 13. Qa4 Qxa4 14. Nxa4 Bxf3 15. gxf3 h5 16. h3 Bh6 17. Rce1 Kd7 18. Nc3 c6 19. Re2 Rdf8 20. Rfe1 Rh7 21. Kg2 Rg7 22. Re6 Rff7 23. R1e2 Rh7 24. a4 h4 25. Bh2 Bg7 26. R6e3 Nd5 27. Re4 Nb4 28. Rd2 Bh6 29. Rd1 Rf5 30. f4 Rhf7 31. Kf3 Bg7 32. Kg4 d5 33. Re2 gxf4 34. Kxh4 Bxd4 35. Kg4 f3 36. Red2 e6 37. h4 Rg7+ 38. Kh3 Bf6 39. Bg3 e5 40. Re1 a5 41. Rh1 Rh5 42. Re1 Ke6 43. Rh1 Bg5 44. Rdd1 Kf5 45. Rde1 Bf4 46. Bxf4 Kxf4 47. Rhg1 Rxh4+ 0-1

[Event "Kupreichik Memorial Rapid 2019"]
[Site "Minsk"]
[Date "2019.08.17"]
[Round "9.17"]
[White "Spizharny, Mikhail"]
[Black "Smirnov, Valerij"]
[Result "0-1"]
[ECO "B28"]
[WhiteElo "2079"]
[BlackElo "2261"]
[Annotator "NA"]
[PlyCount "112"]
[EventDate "2019.08.15"]
[EventType "swiss"]
[EventCountry "BLR"]
[SourceTitle "playchess.com"]
[Source "ChessBase"]
[SourceQuality "1"]
[TimeControl "900+10"]

1. e4 c5 2. Nf3 a6 3. g3 Nc6 4. Bg2 g6 5. O-O Bg7 6. Re1 d6 7. c3 Nf6 8. d4 O-O 9. h3 Nd7 10. a4 Rb8 11. Na3 b5 12. d5 Na5 13. Nc2 Nb3 14. Ra3 Nxc1 15. Qxc1 b4 16. cxb4 cxb4 17. Rb3 Nc5 18. Rxb4 Nd3 19. Qd2 Nxb4 20. Nxb4 Bd7 21. Nxa6 Rxb2 22. Qe3 Qa5 23. Qa7 Bxa4 24. Bf1 Rb3 25. Re3 Rxe3 26. Qxe3 Ra8 27. Qd3 Bd7 28. Qc4 Rc8 29. Qb3 Qc3 30. Qb7 Qxf3 31. Qxd7 Rc2 32. Qd8+ Bf8 33. Qb6 Qxe4 34. Qb3 h5 35. Nb4 Rc1 36. Nd3 Ra1 37. Qc3 Bg7 38. Qc8+ Kh7 39. Nf4 Qe1 40. Qc4 Be5 41. Ng2 Qb1 42. Ne3 Qb6 43. Kg2 Qd4 44. Qc7 Bf6 45. Be2 Ra2 46. Kf3 Bg5 47. Bc4 Qf6+ 48. Ke4 Qe5+ 49. Kf3 Qf6+ 50. Ke4 Rxf2 51. Qa7 Qe5+ 52. Kd3 Rf3 53. Kc2 Rxe3 54. h4 Qc3+ 55. Kb1 Re1+ 56. Ka2 Ra1# 0-1

[Event "Kupreichik Memorial Rapid 2019"]
[Site "Minsk"]
[Date "2019.08.17"]
[Round "9.18"]
[White "Kameko, Aleksandr"]
[Black "Stanishevskij, Aleksandr"]
[Result "1-0"]
[ECO "B30"]
[WhiteElo "2045"]
[BlackElo "1830"]
[Annotator "NA"]
[PlyCount "37"]
[EventDate "2019.08.15"]
[EventType "swiss"]
[EventCountry "BLR"]
[SourceTitle "playchess.com"]
[Source "ChessBase"]
[SourceQuality "1"]
[TimeControl "900+10"]

1. e4 c5 2. Nf3 Nc6 3. c4 e6 4. Be2 Nge7 5. O-O d5 6. exd5 exd5 7. cxd5 Nxd5 8. d4 Be7 9. dxc5 O-O 10. Nbd2 Bxc5 11. Ne4 Be7 12. Bd2 Bf5 13. Ng3 Bg6 14. Qb3 b6 15. Rfd1 Nf6 16. Bc3 Qc7 17. Rac1 Qb7 18. Qa4 Nd8 19. Ba6 1-0

[Event "Kupreichik Memorial Rapid 2019"]
[Site "Minsk"]
[Date "2019.08.17"]
[Round "9.19"]
[White "Shakhadanau, Henadzi"]
[Black "Siniauski, Artsiom"]
[Result "0-1"]
[ECO "C00"]
[WhiteElo "1868"]
[BlackElo "2142"]
[Annotator "NA"]
[PlyCount "78"]
[EventDate "2019.08.15"]
[EventType "swiss"]
[EventCountry "BLR"]
[SourceTitle "playchess.com"]
[Source "ChessBase"]
[SourceQuality "1"]
[TimeControl "900+10"]

1. e4 e6 2. Qe2 d5 3. exd5 Qxd5 4. Nc3 Qd8 5. g3 Bd7 6. Bg2 Bc6 7. Nf3 Nf6 8. O-O Be7 9. d4 O-O 10. Rd1 a6 11. Bg5 h6 12. Bxf6 Bxf6 13. Ne5 Bxg2 14. Kxg2 Nd7 15. Ne4 Be7 16. c4 c6 17. a3 Qc7 18. f4 Rfd8 19. c5 Nf6 20. Nxf6+ Bxf6 21. Rd2 Rd5 22. Rad1 Rad8 23. b4 a5 24. Qe3 b5 25. cxb6 Qxb6 26. bxa5 Qa6 27. Ng4 Qxa5 28. Nxf6+ gxf6 29. f5 Rxf5 30. Qxh6 Qxa3 31. Rd3 Qa2+ 32. Qd2 Qxd2+ 33. R1xd2 Rfd5 34. Rc3 c5 35. Rf2 cxd4 36. Rc7 f5 37. g4 d3 38. gxf5 d2 39. fxe6 d1=Q 0-1

[Event "Kupreichik Memorial Rapid 2019"]
[Site "Minsk"]
[Date "2019.08.17"]
[Round "9.20"]
[White "Mochalov, Evgeny V"]
[Black "Talma, Sergei"]
[Result "1-0"]
[ECO "A40"]
[WhiteElo "2374"]
[BlackElo "1882"]
[Annotator "NA"]
[PlyCount "71"]
[EventDate "2019.08.15"]
[EventType "swiss"]
[EventCountry "BLR"]
[SourceTitle "playchess.com"]
[Source "ChessBase"]
[SourceQuality "1"]
[TimeControl "900+10"]

1. d4 Nf6 2. c4 e6 3. g3 d5 4. Nf3 c5 5. cxd5 Nxd5 6. Bg2 Be7 7. O-O O-O 8. e4 Nf6 9. e5 Nd5 10. dxc5 Bxc5 11. Qc2 Be7 12. Rd1 Qc7 13. Qxc7 Nxc7 14. Bg5 Bxg5 15. Nxg5 Nc6 16. f4 f6 17. Nf3 Nd5 18. exf6 gxf6 19. Kf2 Bd7 20. Nbd2 Rad8 21. Nc4 Bc8 22. a3 Nb6 23. Nd6 Rd7 24. Nxc8 Rxc8 25. Rxd7 Nxd7 26. Rc1 Rd8 27. Rd1 Nc5 28. Rxd8+ Nxd8 29. Ke3 Nc6 30. Nd4 Nxd4 31. Kxd4 b6 32. Kc4 Kf7 33. Kb5 e5 34. fxe5 fxe5 35. b4 Nb3 36. Bd5+ 1-0

[Event "Kupreichik Memorial Rapid 2019"]
[Site "Minsk"]
[Date "2019.08.17"]
[Round "9.21"]
[White "Leinov, Roman"]
[Black "Sadovnikov, Konstantin"]
[Result "0-1"]
[ECO "A56"]
[WhiteElo "2189"]
[BlackElo "1798"]
[Annotator "NA"]
[PlyCount "69"]
[EventDate "2019.08.15"]
[EventType "swiss"]
[EventCountry "BLR"]
[SourceTitle "playchess.com"]
[Source "ChessBase"]
[SourceQuality "1"]
[TimeControl "900+10"]

1. d4 Nf6 2. c4 c5 3. Nf3 cxd4 4. Nxd4 e5 5. Nf3 Nc6 6. Nc3 Bb4 7. Bd2 O-O 8. a3 Bxc3 9. Bxc3 Ne4 10. Rc1 Qb6 11. e3 Nxc3 12. bxc3 Qb2 13. Qc2 Qxa3 14. Bd3 f5 15. e4 f4 16. O-O Qe7 17. c5 d6 18. Bc4+ Be6 19. cxd6 Qxd6 20. Rfd1 Qe7 21. Bd5 Kh8 22. Bxc6 bxc6 23. Nxe5 Qc5 24. Nd3 Qg5 25. f3 Rab8 26. Rb1 Rb5 27. c4 Rxb1 28. Rxb1 Rd8 29. c5 Qf6 30. h3 Qd4+ 31. Nf2 Qe3 32. Kh2 h6 33. e5 Qxe5 34. Re1 Qf6 35. Qa4 0-1

[Event "Kupreichik Memorial Rapid 2019"]
[Site "Minsk"]
[Date "2019.08.17"]
[Round "9.22"]
[White "Kalinin, Dmitry"]
[Black "Masjuk, Vladimir"]
[Result "1-0"]
[ECO "A41"]
[WhiteElo "2119"]
[BlackElo "1900"]
[Annotator "NA"]
[PlyCount "115"]
[EventDate "2019.08.15"]
[EventType "swiss"]
[EventCountry "BLR"]
[SourceTitle "playchess.com"]
[Source "ChessBase"]
[SourceQuality "1"]
[TimeControl "900+10"]

1. d4 d6 2. e4 Nc6 3. Bc4 e5 4. Nf3 Bg4 5. d5 Nd4 6. c3 Nxf3+ 7. gxf3 Bd7 8. Be3 Be7 9. Qd2 Nf6 10. Rg1 Nh5 11. f4 exf4 12. Bxf4 Nxf4 13. Qxf4 Bf6 14. Nd2 b5 15. Bd3 b4 16. cxb4 Bxb2 17. Rb1 Be5 18. Qe3 Qf6 19. Nf3 Bf4 20. Qd4 Qxd4 21. Nxd4 Bxh2 22. Rf1 g6 23. Rc1 Rc8 24. Nc6 Bxc6 25. Rxc6 Kd8 26. Ra6 Ra8 27. Bb5 Be5 28. Kd2 Bd4 29. Kd3 Bb6 30. a4 c5 31. dxc6 Bc7 32. Bc4 Ke7 33. a5 h5 34. b5 Rhb8 35. Rb1 h4 36. b6 axb6 37. Rxa8 Rxa8 38. axb6 Ra3+ 39. Kd4 Bb8 40. c7 Bxc7 41. bxc7 Kd7 42. Bxf7 Kxc7 43. Bxg6 Rf3 44. Rh1 Rxf2 45. Rxh4 Rd2+ 46. Kc4 Rc2+ 47. Kd5 Rc5+ 48. Kd4 Rc1 49. Rh7+ Kb6 50. Kd5 Rd1+ 51. Ke6 Kc6 52. Rh5 Rg1 53. Be8+ Kc7 54. Rh7+ Kd8 55. Bh5 Rg5 56. Kxd6 Kc8 57. e5 Rg2 58. Rh8+ 1-0

[Event "Kupreichik Memorial Rapid 2019"]
[Site "Minsk"]
[Date "2019.08.17"]
[Round "9.23"]
[White "Zvereva, Margarita"]
[Black "Zhukovskij, Viktor"]
[Result "1-0"]
[ECO "D04"]
[WhiteElo "1678"]
[BlackElo "2028"]
[Annotator "NA"]
[PlyCount "87"]
[EventDate "2019.08.15"]
[EventType "swiss"]
[EventCountry "BLR"]
[SourceTitle "playchess.com"]
[Source "ChessBase"]
[SourceQuality "1"]
[TimeControl "900+10"]

1. d4 d5 2. Nf3 Nf6 3. e3 c6 4. Bd3 Bg4 5. O-O Nbd7 6. Be2 e6 7. b3 Bd6 8. Bb2 O-O 9. Nbd2 Qe7 10. Ne5 Bf5 11. c4 h6 12. f4 Ne4 13. Nxe4 Bxe4 14. Bd3 Nf6 15. c5 Bc7 16. b4 a6 17. a4 Bxd3 18. Qxd3 Ne4 19. b5 Bxe5 20. fxe5 axb5 21. axb5 cxb5 22. Qxb5 Qg5 23. Qd3 h5 24. Bc3 h4 25. h3 Qg3 26. Bb4 Rfc8 27. Qe2 Ng5 28. Kh1 g6 29. Ba5 Ra6 30. Be1 Rxa1 31. Bxg3 Rxf1+ 32. Qxf1 hxg3 33. Qb1 Ra8 34. Kg1 Ne4 35. Qb2 Ra4 36. Kf1 Rc4 37. Ke2 Rc3 38. Kf3 Rd3 39. Qxb7 Rd2 40. c6 Rf2+ 41. Kg4 Rxg2 42. c7 Rc2 43. c8=Q+ Rxc8 44. Qxc8+ 1-0

[Event "Kupreichik Memorial Rapid 2019"]
[Site "Minsk"]
[Date "2019.08.17"]
[Round "9.24"]
[White "Novik, Nikita"]
[Black "Svjatocho, Andrej"]
[Result "0-1"]
[ECO "A40"]
[WhiteElo "1355"]
[BlackElo "1995"]
[Annotator "NA"]
[PlyCount "72"]
[EventDate "2019.08.15"]
[EventType "swiss"]
[EventCountry "BLR"]
[SourceTitle "playchess.com"]
[Source "ChessBase"]
[SourceQuality "1"]
[TimeControl "900+10"]

1. d4 e6 2. c4 c5 3. d5 exd5 4. cxd5 d6 5. e4 g6 6. Nc3 a6 7. a4 Bg7 8. Bd3 Ne7 9. Nge2 O-O 10. O-O Nd7 11. f3 Ne5 12. Bf4 f6 13. b3 g5 14. Bxe5 fxe5 15. Qd2 Ng6 16. Nd1 g4 17. Qe3 Qh4 18. g3 Qh5 19. Kg2 gxf3+ 20. Rxf3 Rxf3 21. Qxf3 Bh3+ 22. Kf2 Rf8 23. Nf4 Qxf3+ 24. Kxf3 exf4 25. Rc1 Ne5+ 26. Ke2 f3+ 27. Kd2 f2 28. Ne3 Nxd3 29. Kxd3 f1=Q+ 30. Nxf1 Rxf1 31. Rc2 Bd4 32. Rc4 Rf3+ 33. Kd2 Rxb3 34. Rc2 Be3+ 35. Ke2 Bg4+ 36. Kf1 Bf3 0-1

[Event "Kupreichik Memorial Rapid 2019"]
[Site "Minsk"]
[Date "2019.08.17"]
[Round "9.25"]
[White "Strizhnev, Ivan"]
[Black "Oblamski, Vladimir"]
[Result "0-1"]
[ECO "B01"]
[WhiteElo "1394"]
[BlackElo "2088"]
[Annotator "NA"]
[PlyCount "53"]
[EventDate "2019.08.15"]
[EventType "swiss"]
[EventCountry "BLR"]
[SourceTitle "playchess.com"]
[Source "ChessBase"]
[SourceQuality "1"]
[TimeControl "900+10"]

1. e4 d5 2. exd5 Qxd5 3. Nf3 Bg4 4. Be2 Nc6 5. O-O O-O-O 6. Nc3 Qd7 7. d3 e5 8. Be3 Nf6 9. a3 Kb8 10. b4 Bxf3 11. Bxf3 Nd4 12. Bxd4 exd4 13. Ne2 g5 14. g3 h5 15. b5 h4 16. Bg2 Bc5 17. Nc1 g4 18. Nb3 Qd6 19. a4 Bb4 20. a5 Rdg8 21. b6 cxb6 22. axb6 axb6 23. Nd2 Nd5 24. Nc4 Qc5 25. Qe2 Nc3 26. Qd2 Qc7 27. Rfb1 0-1

[Event "Kupreichik Memorial Rapid 2019"]
[Site "Minsk"]
[Date "2019.08.17"]
[Round "9.26"]
[White "Kiryliuk, Ilya"]
[Black "Stsepkina, Yauheniya"]
[Result "1-0"]
[ECO "B21"]
[WhiteElo "1948"]
[BlackElo "1537"]
[Annotator "NA"]
[PlyCount "49"]
[EventDate "2019.08.15"]
[EventType "swiss"]
[EventCountry "BLR"]
[SourceTitle "playchess.com"]
[Source "ChessBase"]
[SourceQuality "1"]
[TimeControl "900+10"]

1. e4 c5 2. d4 cxd4 3. c3 dxc3 4. Nxc3 Nc6 5. Nf3 d6 6. Bc4 e6 7. O-O Nf6 8. Qe2 e5 9. Ng5 Be6 10. Bxe6 fxe6 11. Nxe6 Qe7 12. Nd5 Nxd5 13. exd5 Nd4 14. Nxd4 exd4 15. Qd1 Qf6 16. Re1+ Be7 17. Re6 Qf7 18. Qa4+ Kd8 19. Qxd4 Re8 20. Bf4 Kd7 21. Qa4+ Kd8 22. Rae1 Rc8 23. Bxd6 Bxd6 24. Rxe8+ Kc7 25. Rc1+ 1-0

[Event "Kupreichik Memorial Rapid 2019"]
[Site "Minsk"]
[Date "2019.08.17"]
[Round "9.27"]
[White "Shaban, Alena"]
[Black "Shaban, Aliaksandra"]
[Result "0-1"]
[ECO "A06"]
[WhiteElo "2030"]
[BlackElo "1734"]
[Annotator "NA"]
[PlyCount "89"]
[EventDate "2019.08.15"]
[EventType "swiss"]
[EventCountry "BLR"]
[SourceTitle "playchess.com"]
[Source "ChessBase"]
[SourceQuality "1"]
[TimeControl "900+10"]

1. Nf3 d5 2. g3 c6 3. Bg2 Nf6 4. O-O h6 5. d3 Bf5 6. Nbd2 e6 7. c3 Be7 8. Qc2 O-O 9. e4 dxe4 10. dxe4 Bh7 11. Qb3 Qc7 12. e5 Nd5 13. c4 Nb4 14. a3 Nd3 15. Rd1 Nd7 16. Nf1 N7c5 17. Qc3 Rad8 18. Be3 Na4 19. Qb3 Naxb2 20. Rd2 b6 21. Rxb2 Nxb2 22. Qxb2 c5 23. h4 Rb8 24. N1d2 a6 25. Re1 b5 26. Qa2 Rfc8 27. Bf4 Qa7 28. Qb3 b4 29. a4 Rd8 30. Ne4 Rb7 31. Nd6 Rbd7 32. g4 Qb6 33. g5 hxg5 34. Nxg5 Bxg5 35. Bxg5 Rxd6 36. exd6 Rxd6 37. Be4 Bxe4 38. Rxe4 Qc6 39. Rg4 e5 40. Rg2 Qe4 41. Be7 Rd3 42. Qc2 b3 43. Qb1 Rd1+ 44. Qxd1 b2 45. Qd8+ 0-1

[Event "Kupreichik Memorial Rapid 2019"]
[Site "Minsk"]
[Date "2019.08.17"]
[Round "9.28"]
[White "Tyurin, Artem"]
[Black "Arlou, Valery"]
[Result "0-1"]
[ECO "A42"]
[WhiteElo "2057"]
[BlackElo "1759"]
[Annotator "NA"]
[PlyCount "146"]
[EventDate "2019.08.15"]
[EventType "swiss"]
[EventCountry "BLR"]
[SourceTitle "playchess.com"]
[Source "ChessBase"]
[SourceQuality "1"]
[TimeControl "900+10"]

1. c4 g6 2. Nc3 Bg7 3. d4 d6 4. e4 e5 5. Be3 Nc6 6. d5 Nce7 7. Be2 f5 8. f3 Nf6 9. Qd2 f4 10. Bf2 Bd7 11. Bd3 a6 12. Nge2 g5 13. Nc1 Ng6 14. Be2 O-O 15. Nd3 h5 16. h3 Kf7 17. c5 Rh8 18. O-O-O Qe7 19. Kb1 g4 20. Rc1 g3 21. Bg1 Nh4 22. Bf1 Bh6 23. c6 bxc6 24. dxc6 Be6 25. Nb4 a5 26. Nbd5 Nxd5 27. Nxd5 Bxd5 28. Qxd5+ Qe6 29. Qd2 Kg7 30. Bc4 Qe8 31. Bd5 Ng6 32. Qc3 Ne7 33. Be6 Bg5 34. Qc4 Qg6 35. Rd1 Rhd8 36. h4 Bf6 37. Ka1 Qe8 38. Bd5 Rdb8 39. Rc1 Rb4 40. Qd3 Qb8 41. Rc2 Qb5 42. Bc4 Qb8 43. a3 Ra4 44. Bb3 Rd4 45. Bxd4 exd4 46. Qc4 Qf8 47. Rd1 Rb8 48. Qe6 Ng6 49. Bd5 Qe7 50. Qf5 Qe5 51. Qxe5 dxe5 52. Rc5 Ra8 53. Rb5 Be7 54. Rd3 Bxh4 55. Rb7 Bd8 56. Be6 Kf6 57. Bd7 Ke7 58. Rdb3 Kd6 59. Bh3 Kxc6 60. R7b5 Be7 61. Be6 a4 62. Bd5+ Kd7 63. Bxa8 axb3 64. Rd5+ Bd6 65. Bb7 Nh4 66. Ba6 Nxg2 67. Rb5 Ne3 68. Rb8 h4 69. Rg8 h3 70. Bc8+ Ke7 71. Bxh3 d3 72. Rg7+ Kf6 73. Bf1 Nxf1 0-1

[Event "Kupreichik Memorial Rapid 2019"]
[Site "Minsk"]
[Date "2019.08.17"]
[Round "9.29"]
[White "Dvurechensky, Viacheslav"]
[Black "Tarasionak, Arseni"]
[Result "1-0"]
[ECO "B20"]
[WhiteElo "1840"]
[BlackElo "1209"]
[Annotator "NA"]
[PlyCount "91"]
[EventDate "2019.08.15"]
[EventType "swiss"]
[EventCountry "BLR"]
[SourceTitle "playchess.com"]
[Source "ChessBase"]
[SourceQuality "1"]
[TimeControl "900+10"]

1. e4 c5 2. Ne2 e6 3. Nbc3 a6 4. g3 d5 5. exd5 exd5 6. d4 Bg4 7. Bg2 c4 8. Nxd5 Bh3 9. Bxh3 Qxd5 10. O-O Nc6 11. Re1 Be7 12. c3 Nf6 13. Nf4 Qd6 14. Qe2 h5 15. Bg2 h4 16. d5 Na5 17. Qe5 Qxe5 18. Rxe5 hxg3 19. d6 gxh2+ 20. Kh1 Ng4 21. Rxe7+ Kf8 22. Be3 Rh4 23. Bd5 Nxf2+ 24. Bxf2 Rxf4 25. Bg3 Rf5 26. Bxb7 Rb8 27. Bxa6 Rxb2 28. Rae1 g5 29. d7 Nc6 30. Re8+ Kg7 31. Bxc4 Rd2 32. Bxh2 Rff2 33. Bg3 Rf3 34. R8e3 Rf5 35. Rd3 Rxd3 36. Bxd3 Rf3 37. Be4 Rxg3 38. Bxc6 Rd3 39. Re8 Rd1+ 40. Kg2 Rd2+ 41. Kf1 Rd1+ 42. Ke2 Rd6 43. d8=Q Rxc6 44. Rg8+ Kh6 45. Qxg5+ Kh7 46. Qg7# 1-0

[Event "Kupreichik Memorial Rapid 2019"]
[Site "Minsk"]
[Date "2019.08.17"]
[Round "9.31"]
[White "Uzlavataya, Anhelina"]
[Black "Yasiukovich, Sergei"]
[Result "0-1"]
[ECO "D78"]
[WhiteElo "2051"]
[BlackElo "1529"]
[Annotator "NA"]
[PlyCount "86"]
[EventDate "2019.08.15"]
[EventType "swiss"]
[EventCountry "BLR"]
[SourceTitle "playchess.com"]
[Source "ChessBase"]
[SourceQuality "1"]
[TimeControl "900+10"]

1. Nf3 d5 2. g3 Nf6 3. Bg2 c6 4. O-O g6 5. d4 Bg7 6. c4 O-O 7. Nbd2 Nbd7 8. b3 b6 9. Bb2 Bb7 10. Qc2 Rc8 11. Rad1 Qc7 12. e4 dxe4 13. Ng5 e5 14. Ngxe4 exd4 15. Bxd4 c5 16. Bb2 Rcd8 17. Rfe1 Rfe8 18. Nc3 Bxg2 19. Kxg2 Qc6+ 20. Nf3 Rxe1 21. Rxe1 Nf8 22. Qe2 Re8 23. Qd2 Rxe1 24. Qxe1 Ne6 25. Qe5 Nd4 26. Nd5 Nxd5 27. Qxd5 Qxd5 28. cxd5 Kf8 29. Ng5 Ke7 30. d6+ Kxd6 31. Nxf7+ Kd5 32. Ng5 h6 33. Nh3 g5 34. f4 g4 35. Nf2 h5 36. h3 gxh3+ 37. Nxh3 Ke4 38. Kf2 Bf6 39. Ng1 h4 40. gxh4 Bxh4+ 41. Kg2 Kxf4 42. Bc1+ Ke4 43. Nf3 Nxf3 0-1

[Event "Kupreichik Memorial Rapid 2019"]
[Site "Minsk"]
[Date "2019.08.17"]
[Round "9.32"]
[White "Kozlov, Valentin"]
[Black "Tkachou, Viktar"]
[Result "0-1"]
[ECO "B01"]
[WhiteElo "1871"]
[BlackElo "1791"]
[Annotator "NA"]
[PlyCount "124"]
[EventDate "2019.08.15"]
[EventType "swiss"]
[EventCountry "BLR"]
[SourceTitle "playchess.com"]
[Source "ChessBase"]
[SourceQuality "1"]
[TimeControl "900+10"]

1. e4 d5 2. exd5 Qxd5 3. Nc3 Qa5 4. Nf3 Nf6 5. Bc4 Bg4 6. h3 Bh5 7. O-O e6 8. d4 Be7 9. Bd2 c6 10. Nd5 Qd8 11. Nxe7 Qxe7 12. a3 a5 13. Be2 O-O 14. Qe1 b6 15. c4 Nbd7 16. Bc3 Ne4 17. Nh2 Bxe2 18. Qxe2 Nxc3 19. bxc3 Rab8 20. Ng4 Qd6 21. Rfe1 c5 22. Red1 cxd4 23. cxd4 Rfc8 24. d5 exd5 25. Rxd5 Qc7 26. Rad1 Nc5 27. Qf3 Rd8 28. Ne3 Qe7 29. Nf5 Qf8 30. Qg3 g6 31. Qg5 f6 32. Nh6+ Kg7 33. Rxd8 Rxd8 34. Rxd8 Qxd8 35. Nf5+ Kg8 36. Qg4 Kf7 37. Ne3 Qd7 38. Qxd7+ Nxd7 39. f4 Ke6 40. Kf2 Kd6 41. Kf3 Kc5 42. g4 Kd4 43. h4 Kc3 44. f5 gxf5 45. g5 fxg5 46. hxg5 Kb3 47. Kf4 Kxa3 48. Kxf5 Kb2 49. Ke6 Nf8+ 50. Kf7 Ng6 51. Kg7 Nf4 52. Kxh7 a4 53. Nd5 a3 54. Nxf4 a2 55. g6 a1=Q 56. g7 Qh1+ 57. Kg6 Qe4+ 58. Kf7 Qxf4+ 59. Ke8 Qg5 60. Kf8 Kc3 61. g8=Q Qxg8+ 62. Kxg8 Kxc4 0-1

[Event "Kupreichik Memorial Rapid 2019"]
[Site "Minsk"]
[Date "2019.08.17"]
[Round "9.33"]
[White "Ostrovskiy, Viktor"]
[Black "Drobyshevsky, Vasily"]
[Result "0-1"]
[ECO "B01"]
[WhiteElo "1453"]
[BlackElo "1441"]
[Annotator "NA"]
[PlyCount "108"]
[EventDate "2019.08.15"]
[EventType "swiss"]
[EventCountry "BLR"]
[SourceTitle "playchess.com"]
[Source "ChessBase"]
[SourceQuality "1"]
[TimeControl "900+10"]

1. e4 d5 2. exd5 Qxd5 3. Nc3 Qe5+ 4. Qe2 Qxe2+ 5. Bxe2 Bf5 6. d3 c6 7. Nf3 Nf6 8. O-O e6 9. h3 Be7 10. Be3 Nbd7 11. Nh4 Bg6 12. Nxg6 hxg6 13. Ne4 Nb6 14. Bf4 Rd8 15. Be5 Nbd5 16. a3 O-O 17. c4 Nb6 18. Bc7 Rd7 19. Bxb6 axb6 20. Rfd1 Rfd8 21. Nc3 Bc5 22. Na4 Bd4 23. Rab1 e5 24. b4 Ra8 25. Nb2 Rxa3 26. c5 Ra2 27. Rd2 bxc5 28. bxc5 Bxc5 29. Nc4 Rxd2 30. Nxd2 b5 31. Nb3 Bd4 32. Bf3 Nd5 33. Na5 c5 34. Rxb5 Nf4 35. Rb8+ Kh7 36. Be4 f5 37. Bc6 Ra7 38. Nc4 Nxd3 39. Ne3 Ra1+ 40. Kh2 Nxf2 41. Nxf5 gxf5 42. Bd7 f4 43. Bf5+ Kh6 44. Rb6+ Kg5 45. g4 f3 46. Kg3 Rg1+ 47. Kxf3 e4+ 48. Ke2 Kf4 49. h4 Nxg4 50. Bxg4 Rxg4 51. h5 Rg2+ 52. Kf1 Rb2 53. Rxb2 Bxb2 54. Ke2 Bd4 0-1

[Event "Kupreichik Memorial Rapid 2019"]
[Site "Minsk"]
[Date "2019.08.17"]
[Round "9.35"]
[White "Nikolaev, Dmitry"]
[Black "Ustiugov, Boris"]
[Result "1-0"]
[ECO "A04"]
[WhiteElo "1677"]
[BlackElo "1567"]
[Annotator "NA"]
[PlyCount "72"]
[EventDate "2019.08.15"]
[EventType "swiss"]
[EventCountry "BLR"]
[SourceTitle "playchess.com"]
[Source "ChessBase"]
[SourceQuality "1"]
[TimeControl "900+10"]

1. Nf3 Nc6 2. c4 e6 3. d4 d5 4. b3 Nf6 5. Bb2 Be7 6. g3 Bd7 7. Bg2 O-O 8. O-O Rb8 9. Nbd2 a6 10. Ne5 Re8 11. Rc1 Nxe5 12. dxe5 Ng4 13. e4 Nxf2 14. Kxf2 Bc5+ 15. Ke1 dxc4 16. Rxc4 Qe7 17. Qc1 Bb6 18. Rf3 Bb5 19. Rc2 Rbd8 20. Nc4 Ba7 21. a4 Bc6 22. Ba3 Bc5 23. Bxc5 Qxc5 24. Qe3 Qe7 25. Na5 Qb4+ 26. Qc3 Qxe4+ 27. Re3 Qg4 28. Nxc6 Rd1+ 29. Kf2 bxc6 30. Rd2 Rd8 31. Rxd8+ Rxd8 32. h3 Qf5+ 33. Kg1 Rd1+ 34. Re1 Rd3 35. Qxc6 g6 36. Qe4 Rxg3 1-0

[Event "Kupreichik Memorial Rapid 2019"]
[Site "Minsk"]
[Date "2019.08.17"]
[Round "9.36"]
[White "Pogorelov, Aleksey"]
[Black "Melekhov, Artyom"]
[Result "1-0"]
[ECO "A40"]
[WhiteElo "1548"]
[BlackElo "1471"]
[Annotator "NA"]
[PlyCount "69"]
[EventDate "2019.08.15"]
[EventType "swiss"]
[EventCountry "BLR"]
[SourceTitle "playchess.com"]
[Source "ChessBase"]
[SourceQuality "1"]
[TimeControl "900+10"]

1. d4 e6 2. Nf3 Nf6 3. Bf4 d5 4. e3 c5 5. Nbd2 Nc6 6. c3 Bd6 7. Bg3 h6 8. Bd3 O-O 9. Rc1 c4 10. Bb1 b5 11. Qc2 Qd7 12. Ne5 Qc7 13. f4 b4 14. Bh4 Re8 15. Bxf6 gxf6 16. Qh7+ Kf8 17. Qxh6+ Ke7 18. Ng4 f5 19. Nf6 Rf8 20. Bxf5 bxc3 21. bxc3 Ba6 22. Qg5 Bxf4 23. Nxd5+ Kd7 24. exf4 Qd6 25. Ne4 Qa3 26. O-O Bb7 27. Bh3 Nxd4 28. Ndf6+ Kc8 29. cxd4 Qe3+ 30. Kh1 Bxe4 31. Nxe4 Qxe4 32. Rxc4+ Kd7 33. Qb5+ Ke7 34. Rc7+ Kf6 35. Qg5# 1-0

[Event "Kupreichik Memorial Rapid 2019"]
[Site "Minsk"]
[Date "2019.08.17"]
[Round "9.37"]
[White "Rataika, Mikalai"]
[Black "Laptev, Viktor"]
[Result "1/2-1/2"]
[ECO "A48"]
[WhiteElo "1920"]
[BlackElo "1424"]
[Annotator "NA"]
[PlyCount "72"]
[EventDate "2019.08.15"]
[EventType "swiss"]
[EventCountry "BLR"]
[SourceTitle "playchess.com"]
[Source "ChessBase"]
[SourceQuality "1"]
[TimeControl "900+10"]

1. d4 Nf6 2. Nf3 g6 3. Nc3 d5 4. e3 Bg7 5. b3 O-O 6. Bb2 c6 7. Bd3 Nbd7 8. O-O Qc7 9. e4 dxe4 10. Nxe4 Nxe4 11. Bxe4 Nf6 12. Bd3 Bg4 13. h3 Bxf3 14. Qxf3 Rad8 15. Rfe1 e6 16. Bf1 Rd7 17. g3 Rfd8 18. Bg2 Nd5 19. Re2 c5 20. c4 Nb4 21. dxc5 Rd1+ 22. Rxd1 Rxd1+ 23. Kh2 Bxb2 24. Rxb2 Rd7 25. a3 Nd3 26. Rd2 Nxc5 27. Rxd7 Qxd7 28. Qe3 b6 29. b4 Nb7 30. Bxb7 Qxb7 31. c5 Kf8 32. b5 Ke7 33. c6 Qc7 34. Qg5+ f6 35. Qd2 g5 36. Qd3 Ke8 1/2-1/2